 Dungeon Crawl Stone Soup version 0.30-a0-622-gddc90eaa04 (webtiles) character file.

Game seed: 17242271529920346313

100 ryw the Grave Robber (level 4, -1/31 (32) HPs)
             Began as a Gnoll Necromancer on Jan 10, 2023.
             Slain by an orc
             ... wielding a +0 hand axe
              (6 damage)
             ... on level 3 of the Dungeon.
             The game lasted 00:04:30 (2380 turns).

ryw the Grave Robber (Gnoll Necromancer)            Turns: 2380, Time: 00:04:30

HP:   -1/31 (32)    AC:  3    Str:  7    XL:     4   Next: 73%
MP:   1/11          EV: 13    Int: 17    God:
Gold: 157           SH:  0    Dex: 12    Spells: 5/13 levels left

rFire   . . .      SeeInvis .    g - +1 hand axe (heavy)
rCold   . . .      Faith    .    (no shield)
rNeg    . . .      Spirit   .    a - +0 robe
rPois   .          Reflect  .    (no helmet)
rElec   .          Harm     .    (no cloak)
rCorr   .          Rampage  .    k - +0 pair of gloves
Will    .....                    (no boots)
Stlth   +++                      (no amulet)
HPRegen 0.25/turn                (no ring)
MPRegen 0.12/turn                (no ring)

@: lightly drained
A: fangs 1, strong nose, distributed training
a: no special abilities


You were on level 3 of the Dungeon.
You visited 1 branch of the dungeon, and saw 3 of its levels.

You collected 157 gold pieces.

Inventory:

Hand Weapons
 c - a +0 whip
 g - a +1 heavy hand axe (weapon)
Missiles
 m - a throwing net
Armour
 a - a +0 robe (worn)
 k - a +0 pair of gloves (worn)
Jewellery
 f - a ring of protection from fire
 i - a ring of flight
Scrolls
 d - 3 scrolls of identify {unknown}
 n - a scroll of blinking {unknown}
 p - 3 scrolls of noise {unknown}
 q - a scroll of magic mapping
 s - 2 scrolls of teleportation {unknown}
 u - a scroll of immolation {unknown}
Potions
 b - a potion of magic
 e - 2 potions of degeneration {unknown}
 h - a potion of curing {unknown}
 j - 2 potions of heal wounds {unknown}
 l - a potion of resistance {unknown}
 o - a potion of brilliance {unknown}
 r - a potion of mutation {unknown}
 t - a potion of might {unknown}


   Skills:
 + Level 1.2 Fighting
 + Level 1.2 Short Blades
 + Level 1.2 Long Blades
 + Level 1.2 Axes
 + Level 1.2 Maces & Flails
 + Level 1.2 Polearms
 + Level 1.2 Staves
 + Level 1.2 Ranged Weapons
 + Level 1.2 Throwing
 + Level 1.2 Armour
 + Level 4.7 Dodging
 + Level 4.3 Stealth
 + Level 1.2 Shields
 + Level 1.2 Unarmed Combat
 + Level 5.1 Spellcasting
 + Level 1.0 Conjurations
 + Level 1.0 Hexes
 + Level 1.0 Summonings
 + Level 7.1 Necromancy
 + Level 1.0 Translocations
 + Level 1.0 Transmutations
 + Level 1.0 Fire Magic
 + Level 1.0 Ice Magic
 + Level 1.0 Air Magic
 + Level 1.0 Earth Magic
 + Level 1.0 Poison Magic
 + Level 1.4 Invocations
 + Level 1.2 Evocations


You had 5 spell levels left.
You knew the following spells:

 Your Spells              Type           Power      Damage    Failure   Level
a - Necrotise             Necr           100%       1d9       1%          1
b - Vampiric Draining     Necr           28%        2d8       2%          3
c - Animate Dead          Necr           28%        N/A       8%          4

Your spell library contained the following spells:

 Spells                   Type           Power      Damage    Failure   Level
 Apportation              Tloc           14%        N/A       9%          1
 Agony                    Necr           28%        N/A       21%         5
 Alistair's Intoxication  Tmut/Pois      4%         N/A       94%         5


Dungeon Overview and Level Annotations

Branches:
Dungeon (3/15)

Altars:


Innate Abilities, Weirdness & Mutations

You have very sharp teeth.
Your uncanny sense of smell can sniff out nearby items.
Your experience applies equally to all skills.


Message History

Aim: an orc, wielding a +0 dagger (chance to affect: 93%)
Something writhes in agony.
Casting: Necrotise (safe; 1% risk of failure)
Confirm with . or Enter, or press ? or * to list all spells.
You don't have enough magic to cast this spell.
Unknown command.
Casting: Necrotise (safe; 1% risk of failure)
Confirm with . or Enter, or press ? or * to list all spells.
You don't have enough magic to cast this spell.
Unknown command.
You closely miss the orc. You closely miss something.
Your orc skeleton barely misses something.
Something hits you. The orc barely misses you.
Your orc skeleton barely misses something.
You barely miss the orc. Your bite misses the orc. You closely miss something.
Something hits you. The orc closely misses you. Something hits you.
The orc closely misses you.
Your orc skeleton hits something.
You closely miss the orc. You miss something. Something completely misses you.
The orc hits you with a +0 dagger.
Your orc skeleton hits something but does no damage.
Something hits you. The orc barely misses you.
Your orc skeleton hits something.
You completely miss something. Your bite misses something. You slash the orc!
You kill the orc!
Something hits you. The orc hits you with a +0 hand axe! Something hits you.
Your magical contamination has completely faded away.
You hit something. You hit the orc. The orc closely misses you.
Something hits you. The orc hits you with a +0 hand axe.
* * * LOW HITPOINT WARNING * * *
Something hits you.
* * * LOW HITPOINT WARNING * * *
Casting: Necrotise (safe; 1% risk of failure)
Confirm with . or Enter, or press ? or * to list all spells.
You don't have enough magic to cast this spell.
Unknown command.
You hit something. You barely miss the orc. The orc barely misses you.
Something hits you.
* * * LOW HITPOINT WARNING * * *
Something hits you but does no damage. The orc hits you with a +0 hand axe.
You die...

###.# ##+## #.# #.#
#.# #.# #.#
########.######## #.#
#.........#...... #.#
#.####......# #.#
#>#.......#.####
#.###.#.#..Z.........
#..........@{##.#####
#######.####o# .#
#... .)# . ∆ ######.#
## .>. #.# #.# .#


You could see an orc and a friendly orc skeleton.

Vanquished Creatures
  2 adders (D:2)
  3 worms
  A dart slug (D:1)
  3 orcs (D:3)
  9 ball pythons
  7 bats
  3 endoplasms (D:2)
  3 giant cockroaches (D:2)
  6 goblins
  6 hobgoblins
  2 jackals (D:1)
  6 kobolds
  5 quokkas
  A frilled lizard (D:1)
  4 rats
61 creatures vanquished.

Vanquished Creatures (collateral kills)
  A hobgoblin (D:2)
1 creature vanquished.

Vanquished Creatures (others)
  A bat zombie (D:2)
  A hobgoblin zombie (D:2)
  A plant (D:1)
3 creatures vanquished.

Grand Total: 65 creatures vanquished

Notes
Turn   | Place    | Note
-------+----------+-------------------------------------------
     0 | D:1      | ryw the Gnoll Necromancer began the quest for the Orb.
     0 | D:1      | Reached XP level 1. HP: 13/13 MP: 6/6
   138 | D:1      | Reached XP level 2. HP: 19/19 MP: 4/7
   567 | D:1      | Reached skill level 5 in Spellcasting
   567 | D:1      | Reached XP level 3. HP: 24/25 MP: 3/9
   571 | D:1      | Learned a level 3 spell: Vampiric Draining
  1323 | D:2      | Reached skill level 1 in Invocations
  1393 | D:2      | Reached skill level 1 in Fighting
  1393 | D:2      | Reached skill level 1 in Short Blades
  1393 | D:2      | Reached skill level 1 in Long Blades
  1393 | D:2      | Reached skill level 1 in Axes
  1393 | D:2      | Reached skill level 1 in Maces & Flails
  1393 | D:2      | Reached skill level 1 in Polearms
  1393 | D:2      | Reached skill level 1 in Staves
  1393 | D:2      | Reached skill level 1 in Ranged Weapons
  1393 | D:2      | Reached skill level 1 in Throwing
  1393 | D:2      | Reached skill level 1 in Armour
  1393 | D:2      | Reached skill level 1 in Shields
  1393 | D:2      | Reached skill level 1 in Unarmed Combat
  1393 | D:2      | Reached skill level 1 in Evocations
  1623 | D:2      | Reached XP level 4. HP: 29/32 MP: 6/11
  1678 | D:2      | Learned a level 4 spell: Animate Dead
  1858 | D:2      | Reached skill level 1 in Conjurations
  1858 | D:2      | Reached skill level 1 in Hexes
  1858 | D:2      | Reached skill level 1 in Summonings
  1858 | D:2      | Reached skill level 1 in Translocations
  1858 | D:2      | Reached skill level 1 in Transmutations
  1858 | D:2      | Reached skill level 1 in Fire Magic
  1858 | D:2      | Reached skill level 1 in Ice Magic
  1858 | D:2      | Reached skill level 1 in Air Magic
  1858 | D:2      | Reached skill level 1 in Earth Magic
  1858 | D:2      | Reached skill level 1 in Poison Magic
  2380 | D:3      | Slain by an orc

Illustrated notes

Levels and vault maps discovered:
D:1:      lightli_arrival_windingriver, layout_loops_ring, minmay_crystal_room,
          amcnicky_mini_pool_small, nrook_mini_backslash
D:2:      minmay_thinvault, layout_rooms, minmay_misc_feat_alley
D:3:      layout_loops_corners, gammafunk_ghost_mausoleum, uniq_robin,
          uniq_grinder

Skill      XL: |  1  2  3  4 |
---------------+-------------+-----
Spellcasting   | 5 |  5.1
Invocations    | 1 |  1.4
Fighting       | 1 |  1.2
Short Blades   | 1 |  1.2
Long Blades    | 1 |  1.2
Axes           | 1 |  1.2
Maces & Flails | 1 |  1.2
Polearms       | 1 |  1.2
Staves         | 1 |  1.2
Ranged Weapons | 1 |  1.2
Throwing       | 1 |  1.2
Armour         | 1 |  1.2
Shields        | 1 |  1.2
Unarmed Combat | 1 |  1.2
Evocations     | 1 |  1.2
Conjurations   | 1 |  1.0
Hexes          | 1 |  1.0
Summonings     | 1 |  1.0
Translocations | 1 |  1.0
Transmutations | 1 |  1.0
Fire Magic     | 1 |  1.0
Ice Magic      | 1 |  1.0
Air Magic      | 1 |  1.0
Earth Magic    | 1 |  1.0
Poison Magic   | 1 |  1.0
Dodging        | |  4.7
Stealth        | |  4.3
Necromancy     | |  7.1

Action                   |  1- 3 |  4- 6 || total
-------------------------+-------+-------++-------
Melee: Whip              |     7 |       ||     7
       Unarmed           |     2 |       ||     2
       Bite              |     2 |       ||     2
       Hand axe          |     4 |     8 ||    12
 Cast: Necrotise         |    60 |    42 ||   102
       Animate Dead      |       |     1 ||     1
  Use: Scroll            |     2 |       ||     2
Armor: Robe              |     7 |     6 ||    13
Dodge: Dodged            |    16 |    25 ||    41

Table legend: (Time is in decaauts)
 A = Elapsed time spent in this place.
 B = Non-inter-level travel time spent in this place.
 C = Inter-level travel time spent in this place.
 D = Time resting spent in this place.
 E = Time spent auto-exploring this place.
 F = Levels seen in this place.
 G = Mean time per level.
                   A        B        C        D        E       F      G
               +--------+--------+--------+--------+--------+-----+--------+
         Total |   2414 |   2305 |    109 |      0 |   1936 |   3 |  804.7 |
       Dungeon |   2414 |   2305 |    109 |      0 |   1936 |   3 |  804.7 |
               +--------+--------+--------+--------+--------+-----+--------+

Top non-repeatable levels by time:
     D:2: 1246 daAuts
     D:1: 1048 daAuts
     D:3: 120 daAuts
